 Dungeon Crawl Stone Soup version 0.30.1-3-gfc49f6343a (webtiles) character file.

Game seed: 6626371988907632639

1789 Eitelfritz the Chiller (level 8, 0/59 HPs)
             Began as a Demonspawn Ice Elementalist on July 28, 2023.
             Was an Initiate of Dithmenos.
             Engulfed by a steam dragon's steam (19 damage)
             ... on level 7 of the Dungeon.
             The game lasted 00:21:28 (6529 turns).

Eitelfritz the Chiller (DsIE)                       Turns: 6529, Time: 00:21:30

Health: 0/59       AC:  5    Str:  9    XL:     8   Next: 82%
Magic:  17/17      EV: 13    Int: 18    God:    Dithmenos [......]
Gold:   284        SH:  0    Dex: 14    Spells: 12/19 levels left

rFire   . . .        b - +2 sling (heavy)
rCold   . . .        (no shield)
rNeg    . . .        i - +0 robe
rPois   .            (no helmet)
rElec   .            (no cloak)
rCorr   .            (no gloves)
SInv    +            z - +1 pair of boots
Will    .....        (no amulet)
Stlth   ++           m - ring of see invisible
HPRegen 0.29/turn    q - +4 ring of slaying
MPRegen 0.15/turn

%: no passive effects
@: freezing walls
A: rugged brown scales 1, powered by pain 2, weakness stinger 1
a: Renounce Religion


You were on level 7 of the Dungeon.
You worshipped Dithmenos.
Dithmenos was noncommittal.
You visited 2 branches of the dungeon, and saw 8 of its levels.

You collected 284 gold pieces.

Inventory:

Hand Weapons
 a - a +1 short sword
 b - a +2 heavy sling (weapon)
 w - a +1 dagger of venom
Missiles
 g - a throwing net
 r - 13 poisoned darts
 F - 6 atropa-tipped darts
Armour
 i - a +0 robe (worn)
 z - a +1 pair of boots (worn)
Jewellery
 m - a ring of see invisible (left hand)
 q - a +4 ring of slaying (right hand)
 A - an amulet of faith
Wands
 s - a wand of mindburst (21)
 u - a wand of acid (11)
 y - a wand of paralysis (21)
Scrolls
 f - a scroll of torment
 j - 2 scrolls of teleportation
 t - a scroll of magic mapping
 x - a scroll of vulnerability
 B - 2 scrolls of fear
Potions
 c - a potion of might
 d - 2 potions of brilliance
 e - a potion of mutation
 h - 2 potions of berserk rage
 k - 2 potions of flight
 l - a potion of curing
 n - a potion of resistance
 o - a potion of ambrosia
 p - a potion of magic
 D - 2 potions of lignification
 E - a potion of haste {unknown}


   Skills:
 + Level 3.1 Fighting
 + Level 3.9 Short Blades
 + Level 0.4 Ranged Weapons
 + Level 3.9 Dodging
 + Level 3.2 Stealth
 + Level 0.2 Unarmed Combat
 + Level 6.0 Spellcasting
 + Level 6.4 Ice Magic


You had 12 spell levels left.
You knew the following spells:

 Your Spells              Type           Power      Damage    Failure   Level
a - Freeze                Ice            100%       1d10      1%          1
b - Frozen Ramparts       Ice            56%        1d9       2%          3
c - Ozocubu's Armour      Ice            28%        N/A       2%          3

Your spell library contained the following spells:

 Spells                   Type           Power      Damage    Failure   Level
 Magic Dart               Conj           20%        1d4       12%         1
 Shock                    Conj/Air       20%        1d4       12%         1
 Searing Ray              Conj           10%        2d4       19%         2
 Summon Ice Beast         Ice/Summ       16%        N/A       32%         4
 Inner Flame              Hex/Fire       5%         N/A       34%         3
 Swiftness                Air            5%         N/A       34%         3
 Airstrike                Air            2%         2d(1-17)  75%         4
 Flame Wave               Conj/Fire      5%         2d5       75%         4
 Fulminant Prism          Conj/Hex       2%         3d5       75%         4
 Sticky Flame             Conj/Fire      5%         2d3       75%         4


Dungeon Overview and Level Annotations

Branches:
Dungeon (7/15)             Temple (1/1) D:6

Altars:
Ashenzari
Cheibriados
Dithmenos
Fedhas
Gozag
Hepliaklqana
Makhleb
Nemelex Xobeh
Okawaru
Qazlal
Ru
Sif Muna
Trog
Uskayaw
Vehumet
Wu Jian
Xom
Yredelemnul

Shops:
D:5 *


Innate Abilities, Weirdness & Mutations

You are partially covered in rugged brown scales. (AC +1, +3% HP)
You sometimes gain power by taking damage.
You have a small tail.


Message History

Casting: Freeze (safe; 1% risk of failure)
Confirm with . or Enter, or press ? or * to list all spells.
Aiming: Freeze (safe; 1% risk of failure)
Press: ? - help, Shift-Dir - straight line, f/p - ogre
Aim: an ogre, wielding a +0 giant spiked club (almost dead)
You freeze the ogre.
The ogre is almost dead.
The wall freezes the ogre!
You kill the ogre!
Dithmenos accepts your kill.
The orc hits you from afar with a +0 trident.
Your Spellcasting skill increases to level 6!
You hit the orc.
The orc is almost dead.
The wall freezes the orc.
You kill the orc!
Dithmenos accepts your kill. The orc misses you.
Your frozen ramparts will break if you move.
Continue? [Y]es or [N]o only, please.
Your frozen ramparts will break if you move.
Continue?
Okay, then.
b - a +2 heavy sling (weapon)
Fire: b) +2 sling (heavy)
Press: ? - help, Q - select action, (/) - cycle Shift-Dir - straight line, f - orc
Aim: an orc, wielding a +0 trident and wearing a +0 chain mail (71% to hit)
You shoot a sling bullet.
The sling bullet hits the orc but does no damage.
The steam dragon breathes steam at you. The ball of steam hits you!!
You focus on the pain.
You feel your power returning.
The orc hits you from afar with a +0 trident.
The orc barely misses you.
Fire: b) +2 sling (heavy)
Press: ? - help, Q - select action, (/) - cycle Shift-Dir - straight line, f/p - orc
Aim: an orc, wielding a +0 trident and wearing a +0 chain mail (71% to hit)
You shoot a sling bullet. The sling bullet hits the orc.
The orc is moderately wounded.
You are engulfed in a cloud of scalding steam.
You die...

#.............#
...........##..## ..
..........######## #..
#.###......#...#.####.#.
# #..#.......#........
#.##.#...........D. ...
####.#...o.§... ....
###.#.)§#.o ## #....§@##
.........§#
#..##....)... h..
###..##.... .. ##..
....# . .... ..##
....#.!.# .....# .##


You could see an orc.

Vanquished Creatures
  A steam dragon (D:6)
  3 water moccasins
  An orc warrior (D:6)
  A sky beast (D:7)
  An ice beast (D:6)
  A black bear (D:4)
  An ogre (D:7)
  A phantom (D:4)
  A bullfrog (D:6)
  2 jellies (D:5)
  A hound (D:5)
  6 iguanas
  A sleepcap (D:5)
  7 orc wizards
  A scorpion zombie (D:4)
  2 hound skeletons (D:4)
  3 hound zombies (D:4)
  A mummy (D:4)
  A howler monkey zombie (D:4)
  8 adders
  A shadow imp (D:6)
  A white imp (D:5)
  An ufetubus (D:6)
  3 adder zombies (D:4)
  2 adder skeletons (D:4)
  4 worms
  2 dart slugs (D:4)
  8 orcs
  7 endoplasms
  4 giant cockroaches
  7 goblins
  5 hobgoblins
  7 jackals
  5 quokkas
  8 ball pythons
  5 bats
  7 frilled lizards
  A jackal zombie (D:4)
  6 kobolds
  4 rats
132 creatures vanquished.

Notes
Turn   | Place    | Note
-------+----------+-------------------------------------------
     0 | D:1      | Eitelfritz the Demonspawn Ice Elementalist began the quest
                  | for the Orb.
     0 | D:1      | Reached XP level 1. HP: 13/13 MP: 3/3
   314 | D:1      | Gained mutation: You sometimes gain a little power by
                  | taking damage. [demonic ancestry]
   314 | D:1      | Reached XP level 2. HP: 19/19 MP: 3/5
   833 | D:2      | Found a hazy altar of Hepliaklqana.
   977 | D:2      | Reached XP level 3. HP: 22/24 MP: 0/6
  1247 | D:2      | Learned a level 3 spell: Frozen Ramparts
  1336 | D:2      | Learned a level 3 spell: Ozocubu's Armour
  1630 | D:3      | Gained mutation: You are partially covered in rugged brown
                  | scales. (AC +1, +3% HP) [demonic ancestry]
  1630 | D:3      | Reached XP level 4. HP: 18/30 MP: 4/8
  2486 | D:4      | Gained mutation: You have a small tail. [demonic ancestry]
  2486 | D:4      | Reached XP level 5. HP: 17/36 MP: 8/10
  2757 | D:4      | Found a snail-covered altar of Cheibriados.
  2768 | D:4      | Reached skill level 1 in Short Blades
  2799 | D:4      | Noticed a phantom
  2834 | D:4      | Killed a phantom
  2835 | D:4      | Reached skill level 1 in Fighting
  2835 | D:4      | Gained mutation: You sometimes gain power by taking damage.
                  | [demonic ancestry]
  2835 | D:4      | Reached XP level 6. HP: 27/44 MP: 3/11
  2997 | D:4      | Reached skill level 5 in Ice Magic
  3456 | D:5      | Entered Level 5 of the Dungeon
  3456 | D:5      | Found Guoq's Overcharged Wands.
  3538 | D:5      | Reached XP level 7. HP: 35/50 MP: 9/13
  4134 | D:5      | You fall into a shaft and drop 1 floor!
  4188 | D:6      | Found a staircase to the Ecumenical Temple.
  4376 | D:6      | Reached XP level 8. HP: 15/58 MP: 6/15
  4551 | Temple   | Entered the Ecumenical Temple
  4567 | Temple   | Became a worshipper of Dithmenos the Shadowed
  4951 | D:6      | Reached skill level 5 in Spellcasting
  5383 | D:6      | Found a sacrificial altar of Ru.
  6529 | D:7      | Engulfed by a steam dragon's steam

Illustrated notes

Levels and vault maps discovered:
D:1:      wander_arrival_fairy_ring, layout_loops_cross
D:2:      layout_rooms, basic_altar
D:3:      layout_rooms
D:4:      layout_cave_pools, slow_altar_1, serial_undead, serial_undead_a,
          serial_undead_c, serial_undead_b, serial_undead_d, serial_undead_f,
          nrook_loot_triangle
D:5:      layout_loops_corners, minmay_misc_feat_rows,
          nicolae_shop_overcharged_wands
D:6:      layout_basic, kennysheep_mini_moat, minmay_temple_entry_large_hall,
          serial_curves, eino_curves_01, eino_curves_03
D:7:      layout_cave_pools
Temple:   compressed_dpeg_triangle_lava_temple

Skill      XL: |  1  2  3  4  5  6  7  8 |
---------------+-------------------------+-----
Ice Magic      | 4 5 6 |  6.4
Spellcasting   | 3 4 6 |  6.0
Dodging        | 2 3 |  3.9
Short Blades   | 1 2 3 |  3.9
Fighting       | 1 2 3 |  3.1
Stealth        | 2 3 |  3.2
Ranged Weapons | |  0.4
Unarmed Combat | |  0.2

Action                     |  1- 3 |  4- 6 |  7- 9 || total
---------------------------+-------+-------+-------++-------
  Melee: Unarmed           |    46 |       |       ||    46
         Short sword       |     7 |   151 |    89 ||   247
         Tailslap          |       |    19 |    11 ||    30
         Punch             |       |     2 |     4 ||     6
         Dagger            |       |       |     7 ||     7
   Fire: Sling             |       |     7 |     2 ||     9
   Cast: Freeze            |    73 |    44 |    10 ||   127
         Frozen Ramparts   |       |     9 |    21 ||    30
         Ozocubu's Armour  |       |     2 |     1 ||     3
    Use: Scroll            |       |    14 |     6 ||    20
         Potion            |       |       |     2 ||     2
   Stab: Sleeping          |       |     2 |     5 ||     7
 Armour: Robe              |    13 |    40 |    10 ||    63
  Dodge: Dodged            |    79 |   126 |    57 ||   262
